 Dungeon Crawl Stone Soup version 0.32-a0-898-g7811c86cf0 (webtiles) character file.

Game seed: 5506538196164459070

81 KennySheep the Sneak (level 4, 0/37 HPs)
             Began as an Armataur Brigand on Apr 5, 2024.
             Incinerated by a bombardier beetle (3 damage)
             ... with a burning spray
             ... on level 3 of the Dungeon.
             The game lasted 00:03:43 (1235 turns).

KennySheep the Sneak (Armataur Brigand)             Turns: 1235, Time: 00:03:43

Health: 0/37       AC:  5    Str: 16    XL:     4   Next: 20%
Magic:  4/4        EV:  8    Int: 14    God:
Gold:   91         SH:  0    Dex: 13    Spells: 3/3 levels left

rFire   . . .        a - +2 dagger
rCold   . . .        (no shield)
rNeg    . . .        b - +0 robe
rPois   .            (no helmet)
rElec   .            c - +0 cloak
rCorr   .            (no gloves)
SInv    .            (no barding)
Will    +....        o - amulet "Wibbal" {Fly Will+ Regen+ Int+2}
Stlth   +            (no ring)
HPRegen 1.06/turn    (no ring)
MPRegen 0.09/turn

%: roll
@: on fire, flying, glowing
A: large, deformed body, tough skin 3, armoured tail, rollpage 1
a: no special abilities


You were on level 3 of the Dungeon.
You visited 1 branch of the dungeon, and saw 3 of its levels.

You collected 117 gold pieces.
You spent 26 gold pieces at shops.

Inventory:

Hand Weapons
 a - a +2 dagger (weapon)
Missiles
 d - 14 poisoned darts (quivered)
 e - 3 curare-tipped darts
Armour
 b - a +0 robe (worn)
 c - a +0 cloak (worn)
Jewellery
 o - the amulet "Wibbal" (around neck) {Fly Will+ Regen+ Int+2}
   (You found it on level 2 of the Dungeon)

   [amulet of regeneration]

   Int+2:     It affects your intelligence (+2).
   Will+:     It increases your willpower.
   Fly:       It grants you flight.
   Regen+:    It increases your rate of health regeneration.
Scrolls
 j - a scroll of fog
Potions
 f - 2 potions of brilliance {unknown}
 g - a potion of invisibility {unknown}
 h - 4 potions of curing {unknown}
 k - a potion of haste {unknown}
 l - a potion of heal wounds {unknown}
 m - 2 potions of berserk rage {unknown}
 n - 2 potions of lignification {unknown}
 q - a potion of enlightenment {unknown}


   Skills:
 + Level 2.6 Fighting
 + Level 2.6 Short Blades
 - Level 1.7 Throwing
 - Level 0.8 Dodging
 * Level 5.3 Stealth


You had 3 spell levels left.
You didn't know any spells.
Your spell library was empty.

Dungeon Overview and Level Annotations

Branches:
Dungeon (3/15)

Altars:
Wu Jian

Shops:
D:2 ?


Innate Abilities, Weirdness & Mutations

Armour fits poorly on your strangely shaped body.
You have extremely tough skin. (AC +3)
You have a long armoured tail.
You regenerate magic when rolling toward enemies. (Rampage MPRegen)


Message History

The burning spray hits you.
You are even more covered in liquid fire!
You barely miss the bombardier beetle.
The bombardier beetle is almost dead.
The liquid fire burns you!
You barely miss the bombardier beetle.
The bombardier beetle is almost dead.
The liquid fire burns you!
The bombardier beetle barely misses you.
You barely miss the bombardier beetle.
The bombardier beetle is almost dead.
The liquid fire burns you!
You hit the bombardier beetle but do no damage.
The bombardier beetle is almost dead.
The liquid fire burns you!
The bombardier beetle sprays incendiary fluid at you.
The burning spray hits you.
You are even more covered in liquid fire!
You hit the bombardier beetle but do no damage.
The bombardier beetle is almost dead.
The liquid fire burns you!
You hit the bombardier beetle. You tail-slap the bombardier beetle.
You kill the bombardier beetle!
The liquid fire burns you!
* * * LOW HITPOINT WARNING * * *
Your Stealth skill increases to level 5!
You have reached level 4!
You feel clever.
You shake off some of the fire as you move.
The liquid fire burns you!
* * * LOW HITPOINT WARNING * * *
You shake off some of the fire as you move.
The liquid fire burns you!
* * * LOW HITPOINT WARNING * * *
You shake off some of the fire as you move.
The liquid fire burns you!
* * * LOW HITPOINT WARNING * * *
You shake off some of the fire as you move.
The liquid fire burns you!
You die...

..# ..# ###.
..# #.... #..
..... #.#
...### #.#
#..##(.
##.##...#(#(
########..@..#
..........####
#######.###
###.# #...#
##.###
####..####
#........#
#........#


You could see 2 dancing weapons.

Vanquished Creatures
  A bombardier beetle (D:3)
  An adder (D:2)
  9 ball pythons
  An endoplasm (D:1)
  3 giant cockroaches (D:1)
  A goblin (D:2)
  6 hobgoblins
  2 jackals (D:2)
  A kobold (D:1)
  A quokka (D:2)
  A bat (D:1)
  A frilled lizard (D:2)
  3 rats
31 creatures vanquished.

Notes
Turn   | Place    | Note
-------+----------+-------------------------------------------
     0 | D:1      | KennySheep the Armataur Brigand began the quest for the
                  | Orb.
     0 | D:1      | Reached XP level 1. HP: 17/17 MP: 1/1
   300 | D:1      | Reached XP level 2. HP: 24/24 MP: 2/2
   311 | D:1      | Found a faded altar of an unknown god.
   609 | D:2      | Found Gulu's Magic Scroll Boutique.
   617 | D:2      | Bought a scroll of identify for 26 gold pieces
   695 | D:2      | Identified the amulet "Wibbal" {Fly Will+ Regen+ Int+2}
   708 | D:2      | Reached XP level 3. HP: 28/29 MP: 3/3
  1193 | D:3      | Found an ornate altar of the Wu Jian Council.
  1232 | D:3      | Reached skill level 5 in Stealth
  1232 | D:3      | Reached XP level 4. HP: 12/37 MP: 4/4
  1232 | D:3      | Noticed a +0 dagger
  1233 | D:3      | Noticed a +0 spear
  1234 | D:3      | Noticed a +0 spear
  1234 | D:3      | Noticed a +0 falchion
  1235 | D:3      | Incinerated by a bombardier beetle

Illustrated notes

Levels and vault maps discovered:
D:1:      ebering_hopf_link, layout_basic, nicolae_ecumenical_snake_handling
D:2:      layout_rooms, serial_shops, shop, nicolae_kite_square_tiling_tiny
D:3:      layout_basic, marbit_many_paths,
          mainiacjoe_overflow_concentric_impassable, nicolae_uskayaw_en_pointe,
          nicolae_wormholes

Skill      XL: |  1  2  3 |
---------------+----------+-----
Short Blades   | 2 |  2.6
Fighting       | 2 |  2.6
Stealth        | 5 |  5.3
Throwing       | |  1.7
Dodging        | |  0.8

Action                     |  1- 3 |  4- 6 || total
---------------------------+-------+-------++-------
  Melee: Dagger            |   105 |       ||   105
         Tailslap          |     7 |       ||     7
    Use: Scroll            |     3 |       ||     3
   Stab: Sleeping          |     8 |       ||     8
 Armour: Robe              |    42 |       ||    42
  Dodge: Dodged            |    32 |       ||    32

Table legend: (Time is in decaauts)
 A = Elapsed time spent in this place.
 B = Non-inter-level travel time spent in this place.
 C = Inter-level travel time spent in this place.
 D = Time resting spent in this place.
 E = Time spent auto-exploring this place.
 F = Levels seen in this place.
 G = Mean time per level.
                   A        B        C        D        E       F      G
               +--------+--------+--------+--------+--------+-----+--------+
         Total |   1222 |   1201 |     21 |     27 |    936 |   3 |  407.3 |
       Dungeon |   1222 |   1201 |     21 |     27 |    936 |   3 |  407.3 |
               +--------+--------+--------+--------+--------+-----+--------+

Top non-repeatable levels by time:
     D:1: 591 daAuts
     D:2: 435 daAuts
     D:3: 195 daAuts
